 Dungeon Crawl Stone Soup version 0.19.1 (webtiles) character file.

10666 galech the Cleaver (level 11, -1/99 HPs)
             Began as a Deep Dwarf Fighter on Dec 8, 2016.
             Was a Priest of Elyvilon.
             Slain by an orange demon (3 damage)
             ... summoned by an orc sorcerer
             ... led by an orc knight
             ... on level 1 of the Orcish Mines.
             The game lasted 00:59:58 (9314 turns).

galech the Cleaver (Deep Dwarf Fighter)             Turns: 9314, Time: 00:59:59

Health: -1/99      AC:  9    Str: 28    XL:     11   Next: 39%
Magic:  1/2        EV: 14    Int:  9    God:    Elyvilon [***...]
Gold:   1198       SH: 12    Dex: 12    Spells: 0 memorised, 10 levels left

rFire  + . .     SeeInvis .     M - +1 war axe (antimagic)
rCold  + . .     Gourm    .     j - +2 ring mail {rC+}
rNeg   . . .     Faith    .     L - +0 shield
rPois  .         Spirit   .     (helmet restricted)
rElec  .         Reflect  .     (no cloak)
rCorr  .         Harm     .     D - +0 pair of gloves
MR     +....                    (no boots)
Stlth  +.........               (no amulet)
                                P - +5 ring of strength
                                y - ring of protection from fire

@: protection, non-regenerating, heavily drained
A: damage resistance, recharge devices, antennae 1, hooves 1, repulsion field 1,
sense surroundings 2, slow regeneration 3
a: Device Recharging, Lesser Healing, Heal Other, Purification, Divine
Protection, Renounce Religion


You were on level 1 of the Orcish Mines.
You worshipped Elyvilon.
Elyvilon was most pleased with you.
You were not hungry.

You visited 3 branches of the dungeon, and saw 13 of its levels.

You collected 1198 gold pieces.

Inventory:

Hand Weapons
 K - a +0 broad axe
 M - a +1 antimagic war axe (weapon)
 Z - a +0 war axe
Armour
 j - a +2 ring mail of cold resistance (worn)
 n - a +0 scale mail of fire resistance
 D - a +0 pair of gloves (worn)
 L - a +0 shield (worn)
Jewellery
 l - an uncursed ring of fire
 y - a ring of protection from fire (left hand)
 P - a +5 ring of strength (right hand)
 S - an uncursed ring of poison resistance
 U - an uncursed ring of resist corrosion
 X - an uncursed ring of wizardry
Wands
 e - a wand of heal wounds (0/9)
 v - a wand of flame (13/48)
 H - a wand of paralysis (12/24)
 W - a wand of lightning (3/15)
Scrolls
 a - 2 scrolls of identify
 g - 2 scrolls of amnesia
 h - 7 scrolls of teleportation
 k - a scroll of noise {unknown}
 o - a scroll of recharging {unknown}
 s - 2 scrolls of random uselessness
 A - 3 scrolls of enchant weapon
 C - a scroll of enchant armour {unknown}
 F - 3 scrolls of remove curse
 N - a scroll of immolation {unknown}
 R - 2 scrolls of fear {unknown}
 V - a scroll of acquirement {unknown}
 Y - a scroll of vulnerability
Potions
 b - a potion of degeneration {unknown}
 c - a potion of invisibility {unknown}
 d - 2 potions of might
 i - a potion of curing {unknown}
 p - 4 potions of brilliance {unknown}
 q - 4 potions of mutation {unknown}
 t - a potion of ambrosia {unknown}
 w - 2 potions of lignification {unknown}
 x - 3 potions of resistance {unknown}
 z - 2 potions of cure mutation {unknown}
 G - a potion of beneficial mutation {unknown}
 J - a potion of magic {unknown}
 O - 4 potions of haste
Books
 u - a book of Misfortune

   Spells                             Type                      Level
   a - Confusing Touch                Hexes                        1
   b - Confuse                        Hexes                        3
   c - Gell's Gravitas                Hexes/Translocation          3
   d - Petrify                        Transmutation/Earth          4
   e - Metabolic Englaciation         Hexes/Ice                    5
   f - Yara's Violent Unravelling     Hexes/Transmutation          5
 Q - a book of Flames

   Spells                             Type                      Level
   a - Flame Tongue                   Conjuration/Fire             1
   b - Throw Flame                    Conjuration/Fire             2
   c - Conjure Flame                  Conjuration/Fire             3
   d - Inner Flame                    Hexes/Fire                   3
   e - Sticky Flame                   Conjuration/Fire             4
   f - Fireball                       Conjuration/Fire             5
Comestibles
 f - 2 bread rations
 m - 2 slices of pizza
 r - 4 meat rations
 B - 5 fruits
 E - 2 royal jellies
 I - 10 chunks of flesh


   Skills:
 + Level 6.9(5.6) Fighting
 + Level 12.0(10.5) Axes
 + Level 7.4(6.1) Armour
 + Level 6.4(5.1) Dodging
 + Level 2.2(1.0) Stealth
 + Level 9.2(7.8) Shields
 + Level 4.4(3.2) Invocations
 + Level 3.6(2.4) Evocations


You had 10 spell levels left.
You didn't know any spells.

Dungeon Overview and Level Annotations

Branches:
Dungeon (10/15)            Temple (1/1) D:7            Lair (0/6) D:10
    Orc (2/2) D:10            Elf (0/3) Orc:2

Altars:
Ashenzari
Cheibriados
Dithmenos
Elyvilon
Fedhas
Gozag
Hepliaklqana
Kikubaaqudgha
Makhleb
Nemelex Xobeh
Okawaru
Qazlal
Ru
Sif Muna
Trog
Uskayaw
Vehumet
Xom
Yredelemnul
Zin
The Shining One
Beogh

Shops:
D:6 :   D:10 !   Orc:2 (*


Innate Abilities, Weirdness & Mutations

You are resistant to damage.
You can recharge devices by infusing magical energy.
You passively map the area around you.
You do not regenerate.
You have a pair of small antennae on your head.
You have large cloven feet.
You are surrounded by a mild repulsion field. (EV +2)


Message History

Your kick misses the orc sorcerer.
The orc sorcerer is lightly wounded.
You slash the sixfirhy! You block the orange demon's attack.
The orc sorcerer points at you and mumbles some strange words.
The bolt of fire hits you! You resist.
* * * LOW HITPOINT WARNING * * *
The orange demon barely misses you.
You closely miss the orc sorcerer.
The orc sorcerer is lightly wounded.
You miss the sixfirhy. The orange demon stings you from afar!
Elyvilon protects you from harm! The orc sorcerer misses you.
You block the orange demon's attack.
You closely miss the sixfirhy. Your kick misses the sixfirhy.
The sixfirhy is moderately wounded.
You hit the orc sorcerer.
The orc sorcerer's magic leaks into the air.
You block the sixfirhy's attack. The sixfirhy barely misses you.
You block the sixfirhy's attack. The sixfirhy misses you.
The orange demon stings you from afar!
You die...

##.#..###..##
##......#....#
##.#.........##
#...........#.##
##..............#*
#............#
#...........#.. ,*
##.....[>)....... ,
.......@34.....## ,
*,......).o......# ,
* .......4...#...#, *
*
*,............#....,*
,...........###.#.
**,...........# *## *
* ...........#
....##...... * , ,,,
* ,


You could see 2 orange demons, a sixfirhy and an orc sorcerer.

Vanquished Creatures
  A hill giant (D:10)
  3 orc knights
  An orc sorcerer (Orc:2)
  A centaur zombie (D:10)
  The ghost of murphy the Skirmisher, a novice HOFi of Yredelemnul (D:5)
  2 trolls
  2 two-headed ogres (D:9)
  3 yaks (D:9)
  2 humans (D:7)
  A warg (Orc:1)
  Edmund (D:5)
  Duvessa (D:6)
  12 orc warriors
  3 phantoms
  2 sky beasts
  3 ice beasts
  A black bear (D:10)
  A necrophage (D:9)
  8 ogres
  A centaur (D:7)
  A big kobold (D:5)
  7 bullfrogs
  A wyvern zombie (D:10)
  Dowan (D:6)
  A water moccasin zombie (D:8)
  3 scorpions
  10 killer bees
  3 wights (D:8)
  2 howler monkeys
  A bullfrog zombie (D:9)
  5 crimson imps
  2 jellies
  2 hounds
  14 orc wizards
  17 orc priests
  A gnoll shaman (D:7)
  An iguana (D:6)
  2 worker ants
  A hound zombie (D:8)
  A howler monkey zombie (D:5)
  2 worker ant zombies
  7 gnolls
  11 adders
  An ooze (D:1)
  2 worms
  2 dart slugs
  4 leopard geckos
  40 orcs
  7 bats
  4 giant cockroaches
  10 hobgoblins
  8 jackals
  2 quokkas (D:3)
  A ball python (D:2)
  4 frilled lizards
  10 goblins
  10 kobolds
  7 rats
258 creatures vanquished.

Vanquished Creatures (others)
  A wizard (D:6)
  A human (D:8)
  A quokka (D:5)
3 creatures vanquished.

Grand Total: 261 creatures vanquished

Notes
Turn   | Place    | Note
-------+----------+-------------------------------------------
     0 | D:1      | galech the Deep Dwarf Fighter began the quest for the Orb.
     0 | D:1      | Reached XP level 1. HP: 20/20 MP: 1/1
   153 | D:1      | Reached XP level 2. HP: 27/27 MP: 2/2
   563 | D:1      | Reached XP level 3. HP: 25/34 MP: 3/3
   902 | D:2      | Reached skill level 3 in Axes
  1001 | D:2      | Reached XP level 4. HP: 25/42 MP: 4/4
  1301 | D:3      | Reached skill level 1 in Dodging
  1373 | D:3      | Noticed a sky beast
  1398 | D:3      | Killed a sky beast
  1398 | D:3      | Reached skill level 4 in Axes
  1398 | D:3      | Reached XP level 5. HP: 22/49 MP: 5/5
  1530 | D:3      | Reached skill level 1 in Evocations
  1530 | D:3      | Reached XP level 6. HP: 30/56 MP: 5/7
  2084 | D:3      | Reached skill level 5 in Axes
  2622 | D:4      | Reached XP level 7. HP: 29/63 MP: 7/7
  2821 | D:4      | Reached skill level 6 in Axes
  2821 | D:4      | Reached skill level 5 in Shields
  2866 | D:4      | Found a deep blue altar of Sif Muna.
  2906 | D:5      | Entered Level 5 of the Dungeon
  3069 | D:5      | Reached skill level 1 in Stealth
  3152 | D:5      | Noticed Edmund
  3164 | D:5      | Killed Edmund
  3260 | D:5      | Noticed murphy's ghost (novice HOFi)
  3277 | D:5      | Reached XP level 8. HP: 64/72 MP: 8/8
  3302 | D:5      | Killed murphy's ghost
  3302 | D:5      | Reached skill level 7 in Axes
  3302 | D:5      | Reached skill level 5 in Armour
  3360 | D:5      | Found a white marble altar of Elyvilon.
  3373 | D:5      | Became a worshipper of Elyvilon the Healer
  3804 | D:6      | Found a shimmering altar of Xom.
  3860 | D:6      | Found a burning altar of Makhleb.
  3862 | D:6      | Found an ancient bone altar of Kikubaaqudgha.
  3952 | D:6      | Reached skill level 8 in Axes
  3997 | D:6      | Found a bloodstained altar of Trog.
  4000 | D:6      | Noticed a wizard
  4005 | D:6      | Killed a wizard
  4153 | D:6      | Noticed Duvessa
  4154 | D:6      | Noticed Dowan
  4169 | D:6      | Killed Duvessa
  4169 | D:6      | Gained mutation: You passively map the area around you. [Deep Dwarf growth]
  4169 | D:6      | Reached XP level 9. HP: 39/80 MP: 7/7
  4176 | D:6      | Killed Dowan
  4370 | D:6      | Reached * piety under Elyvilon
  4644 | D:6      | Found Ishatis's Book Shop.
  4818 | D:7      | Reached skill level 5 in Fighting
  5037 | D:7      | Found a staircase to the Ecumenical Temple.
  5048 | Temple   | Entered the Ecumenical Temple
  5116 | Temple   | Reached ** piety under Elyvilon
  5281 | D:7      | Reached skill level 9 in Axes
  5498 | D:7      | Reached *** piety under Elyvilon
  5505 | D:7      | Found a sparkling altar of Nemelex Xobeh.
  5784 | D:7      | Found an iron altar of Okawaru.
  6238 | D:8      | Found an ancient bone altar of Kikubaaqudgha.
  6281 | D:8      | Reached skill level 1 in Invocations
  6330 | D:8      | Gained mutation: You have a pair of small antennae on your head. [mutagenic meat]
  6331 | D:8      | Gained mutation: You are surrounded by a mild repulsion field. (EV +2) [mutagenic meat]
  6333 | D:8      | Gained mutation: You have large cloven feet. [mutagenic meat]
  6356 | D:8      | Reached skill level 10 in Axes
  6363 | D:8      | Reached XP level 10. HP: 79/91 MP: 8/8
  6368 | D:8      | Reached skill level 5 in Dodging
  6373 | D:8      | Found a sacrificial altar of Ru.
  6448 | D:8      | Found a faded altar of an unknown god.
  6448 | D:8      | Found a faded altar of an unknown god.
  6453 | D:8      | Found a glowing golden altar of the Shining One.
  6455 | D:8      | Found a faded altar of an unknown god.
  6456 | D:8      | Found a faded altar of an unknown god.
  6545 | D:8      | Reached **** piety under Elyvilon
  7094 | D:9      | Found a snail-covered altar of Cheibriados.
  7528 | D:10     | Entered Level 10 of the Dungeon
  7535 | D:10     | Noticed a hill giant
  7547 | D:10     | Killed a hill giant
  7547 | D:10     | Reached skill level 11 in Axes
  7576 | D:10     | Found a staircase to the Lair.
  7654 | D:10     | Found a staircase to the Orcish Mines.
  7755 | D:10     | Found Zalluth's Distillery.
  8120 | Orc:1    | Entered Level 1 of the Orcish Mines
  8167 | Orc:1    | Found a roughly hewn altar of Beogh.
  8303 | Orc:2    | Entered Level 2 of the Orcish Mines
  8303 | Orc:2    | Noticed an orc sorcerer
  8306 | Orc:2    | Paralysed by an orc sorcerer for 6 turns
  8317 | Orc:2    | Killed an orc sorcerer
  8532 | Orc:2    | Reached XP level 11. HP: 55/99 MP: 9/9
  8545 | Orc:2    | Found Apsup's Antique Weapon Emporium.
  8798 | Orc:2    | Noticed an orc knight
  8829 | Orc:2    | Noticed an orc knight
  8842 | Orc:1    | Killed an orc knight
  8880 | Orc:1    | Killed an orc knight
  8920 | Orc:2    | Found a staircase to the Elven Halls.
  9044 | Orc:1    | Noticed an orc knight
  9044 | Orc:1    | Noticed an orc sorcerer
  9105 | Orc:2    | Killed an orc knight
  9164 | Orc:2    | Reached skill level 12 in Axes
  9266 | Orc:2    | Noticed an orc knight
  9266 | Orc:2    | Found Ezeil's General Store.
  9300 | Orc:1    | Noticed a sixfirhy
  9310 | Orc:1    | HP: 2/99 [sixfirhy[an orc knight] (9)]
  9313 | Orc:1    | Elyvilon protects you from harm!
  9314 | Orc:1    | Slain by an orange demon

Skill      XL: |  1  2  3  4  5  6  7  8  9 10 11 |
---------------+----------------------------------+-----
Fighting       | 3 4 5 6 |  6.9
Axes           | 3 4 5 6 8 10 11 12 | 12.0
Shields        | 4 5 6 7 8 9 |  9.2
Dodging        | 1 2 3 4 5 6 |  6.4
Armour         | 4 5 6 7 |  7.4
Evocations     | 1 2 3 |  3.6
Stealth        | 1 2 |  2.2
Invocations    | 1 3 4 |  4.4

Action                   |  1- 3 |  4- 6 |  7- 9 | 10-12 || total
-------------------------+-------+-------+-------+-------++-------
Melee: War axe           |    90 |   190 |   432 |   376 ||  1088
       Kick              |       |       |     3 |   162 ||   165
       Broad axe         |       |       |       |    52 ||    52
Invok: Lesser Healing    |       |       |    11 |    87 ||    98
       Divine Protection |       |       |     1 |     1 ||     2
       Greater Healing   |       |       |       |     4 ||     4
 Abil: Device Recharging |       |     1 |     3 |     2 ||     6
Evoke: Wand              |       |     7 |    12 |    12 ||    31
  Use: Scroll            |       |     3 |       |     4 ||     7
  Eat: Chunk             |       |     6 |    14 |    16 ||    36
       Bread ration      |       |       |     1 |     2 ||     3
Armor: Scale mail        |    14 |       |       |       ||    14
       Ring mail         |    12 |    62 |   124 |    86 ||   284
Dodge: Dodged            |    24 |    57 |   174 |   183 ||   438
Block: Shield            |    57 |    99 |   292 |   241 ||   689
